 Dungeon Crawl Stone Soup version 0.28-a0-1555-g9ae15a6949 (webtiles) character file.

Game seed: 11569297129210830918

312 parzival7114810 the Chopper (level 6, -3/53 HPs)
             Began as a Hill Orc Fighter on Jan 18, 2022.
             Slain by an ogre (15 damage)
             ... on level 5 of the Dungeon.
             The game lasted 00:07:48 (6577 turns).

parzival7114810 the Chopper (Hill Orc Fighter)      Turns: 6577, Time: 00:07:48

Health: -3/53      AC: 11    Str: 21    XL:     6   Next: 42%
Magic:  6/6        EV:  7    Int:  8    God:
Gold:   95         SH:  4    Dex: 10    Spells: 5/5 levels left

rFire   . . .      SeeInvis .   a - +1 war axe
rCold   . . .      Faith    .   c - +0 buckler
rNeg    . . .      Spirit   .   e - +0 chain mail
rPois   .          Reflect  .   (no helmet)
rElec   .          Harm     .   (no cloak)
rCorr   .          Rampage  .   (no gloves)
Will    .....                   h - +1 pair of boots
Stlth   ..........              (no amulet)
HPRegen 0.17/turn               (no ring)
MPRegen 0.10/turn               (no ring)

@: no status effects
A: no striking features
a: no special abilities


You were on level 5 of the Dungeon.
You visited 1 branch of the dungeon, and saw 5 of its levels.

You collected 95 gold pieces.

Inventory:

Hand Weapons
 a - a +1 war axe (weapon)
Armour
 b - a +0 scale mail
 c - a +0 buckler (worn)
 e - a +0 chain mail (worn)
 h - a +1 pair of boots (worn)
Jewellery
 l - a +6 ring of dexterity
Scrolls
 g - a scroll of magic mapping
 i - a scroll of fear
Potions
 d - a potion of might
 j - a potion of curing {unknown}
 k - a potion of invisibility {unknown}


   Skills:
 + Level 4.7 Fighting
 + Level 6.1 Axes
 + Level 4.6 Armour
 + Level 0.3 Dodging
 + Level 0.7 Stealth
 + Level 3.9 Shields


You had 5 spell levels left.
You didn't know any spells.
Your spell library was empty.

Dungeon Overview and Level Annotations

Branches:
Dungeon (5/15)
 Temple: D:4-7

Altars:
Elyvilon

Annotations:
D:4 Edmund


Message History

Edmund shouts!
Edmund whines, "My parents never had time for me!"
An ogre comes into view. It is wielding a +0 giant spiked club.
Found a twisted silver wand.
A goblin comes into view. It is wielding a +1 vampiric dagger.
The goblin shouts!
You see here a wand of paralysis (8).
A goblin comes into view. It is wielding a +0 club.
The goblin shouts!
Edmund hits you with a +1 flail of protection.
You see here a wand of paralysis (8).
You can't go up here!
The goblin completely misses you.
You barely miss the goblin. The goblin hits you but does no damage.
Edmund hits you with a +1 flail of protection.
You closely miss the goblin. You barely miss Edmund.
The goblin barely misses you.
Edmund hits you with a +1 flail of protection.
The goblin hits you but does no damage.
There is a stone staircase leading down here.
Edmund grinds his teeth, and then sighs.
The goblin hits you but does no damage.
You climb downwards.
There is a stone staircase leading up here.
You block the goblin's attack.
You climb upwards.
Level annotation: Edmund You block the goblin's attack.
The ogre closely misses you. The goblin hits you with a +0 club.
There is a stone staircase leading down here.
You can't go up here!
The ogre hits you with a +0 giant spiked club!!
Ouch! That really hurt!
* * * LOW HITPOINT WARNING * * *
You block the goblin's attack. The goblin closely misses you.
You climb downwards.
There is a stone staircase leading up here.
The goblin hits you but does no damage.
The ogre hits you with a +0 giant spiked club!
You die...

#####
##...#
#g@..#
#.gO.#
#....#
#....#
#....#
##...#
....#
....+


You could see an ogre and 2 goblins.

Vanquished Creatures
  2 jellies (D:4)
  3 orc wizards
  3 gnolls
  5 adders
  2 worms (D:3)
  A dart slug (D:4)
  9 orcs
  4 ball pythons
  4 bats
  4 endoplasms
  5 giant cockroaches
  14 goblins
  6 hobgoblins
  6 jackals (D:3)
  A quokka (D:3)
  A frilled lizard (D:3)
  8 kobolds
  3 rats (D:1)
81 creatures vanquished.

Notes
Turn   | Place    | Note
-------+----------+-------------------------------------------
     0 | D:1      | parzival7114810 the Hill Orc Fighter began the quest for
                  | the Orb.
     0 | D:1      | Reached XP level 1. HP: 19/19 MP: 1/1
    30 | D:1      | Noticed a shining eye
    32 | D:1      | Found a faded altar of an unknown god.
    34 | D:1      | Noticed a shining eye
    35 | D:1      | Noticed a golden eye
    35 | D:1      | Noticed a great orb of eyes
   632 | D:1      | Reached XP level 2. HP: 21/27 MP: 2/2
   954 | D:1      | Reached skill level 3 in Axes
  1301 | D:2      | Reached XP level 3. HP: 25/33 MP: 3/3
  1666 | D:2      | Reached skill level 4 in Axes
  1671 | D:2      | Reached XP level 4. HP: 16/40 MP: 4/4
  3305 | D:2      | Reached XP level 5. HP: 31/47 MP: 5/5
  3613 | D:3      | Reached skill level 5 in Axes
  4373 | D:3      | Found a white marble altar of Elyvilon.
  5280 | D:4      | Reached XP level 6. HP: 51/53 MP: 6/6
  5652 | D:4      | Reached skill level 6 in Axes
  6544 | D:4      | Noticed Edmund
  6572 | D:5      | Entered Level 5 of the Dungeon
  6577 | D:5      | Slain by an ogre

Illustrated notes

Levels and vault maps discovered:
D:1:      noname_arrival_rooms_in_the_neighbourhood, layout_loops_ring,
          serial_forest, infiniplex_forest_diagonal,
          infiniplex_forest_lined_room_2, infiniplex_forest_lined_room_2,
          infiniplex_forest_lined_room_2, infiniplex_forest_diagonal,
          hellmonk_ecumenical_altar_watching_god, grunt_decor_mini_mirrors,
          serial_park_tiny_2
D:2:      kennysheep_the_goblin_king, layout_loops_ring
D:3:      minmay_door_path, layout_rooms, overflow_temple_1_default,
          kennysheep_generic_room_11
D:4:      layout_basic, temple_pool_b, serial_bayou_crossing, uniq_edmund,
          uniq_grinder
D:5:      layout_gridville, uniq_blork_the_orc

Skill      XL: |  1  2  3  4  5  6 |
---------------+-------------------+-----
Axes           | 3 4 5 6 |  6.1
Fighting       | 4 |  4.7
Armour         | 4 |  4.6
Dodging        | |  0.3
Stealth        | |  0.7
Shields        | |  3.9

Action                   |  1- 3 |  4- 6 || total
-------------------------+-------+-------++-------
Melee: War axe           |    52 |   204 ||   256
  Use: Scroll            |     4 |     5 ||     9
       Potion            |       |     2 ||     2
Armor: Chain mail        |    49 |   169 ||   218
Dodge: Dodged            |    20 |    84 ||   104
Block: Buckler           |    13 |    62 ||    75

Table legend: (Time is in decaauts)
 A = Elapsed time spent in this place.
 B = Non-inter-level travel time spent in this place.
 C = Inter-level travel time spent in this place.
 D = Time resting spent in this place.
 E = Time spent auto-exploring this place.
 F = Levels seen in this place.
 G = Mean time per level.
                   A        B        C        D        E       F      G
               +--------+--------+--------+--------+--------+-----+--------+
         Total |   6672 |   6554 |    118 |   3745 |   1881 |   5 | 1334.4 |
       Dungeon |   6672 |   6554 |    118 |   3745 |   1881 |   5 | 1334.4 |
               +--------+--------+--------+--------+--------+-----+--------+

Top non-repeatable levels by time:
     D:2: 1947 daAuts
     D:3: 1738 daAuts
     D:1: 1667 daAuts
     D:4: 1315 daAuts
     D:5: 3 daAuts
